 Dungeon Crawl Stone Soup version 0.22.1-6-g1668fe2c40 (webtiles) character file.

1059 Kohma the Sneak (level 8, -7/36 HPs)
             Began as a Spriggan Enchanter on Jan 21, 2019.
             Killed from afar by an orc wizard (12 damage)
             ... with a magic dart
             ... on level 6 of the Dungeon.
             The game lasted 00:24:43 (7993 turns).

Kohma the Sneak (Spriggan Enchanter)                Turns: 7993, Time: 00:24:44

Health: -7/36      AC:  4    Str:  4    XL:     8   Next: 6%
Magic:  5/18       EV: 21    Int: 17    God:
Gold:   194        SH:  0    Dex: 18    Spells: 13/19 levels left

rFire    . . .     SeeInvis +   a - +2 dagger (venom)
rCold    . . .     Gourm    .   (shield restricted)
rNeg     . . .     Faith    .   y - +1 robe
rPois    .         Spirit   .   (helmet restricted)
rElec    .         Reflect  .   m - +0 cloak
rCorr    .         Harm     .   (gloves unavailable)
MR       +....                  (boots unavailable)
Stlth    ++++......             (no amulet)
HPRegen  0.12/turn              (no ring)
MPRegen  0.16/turn              (no ring)

@: lethally poisoned (-7 -> -9), very quick
A: very small, unfitting armour, see invisible, herbivore, speed 3, slow
metabolism 2
a: no special abilities


You were on level 6 of the Dungeon.
You were hungry.

You visited 1 branch of the dungeon, and saw 6 of its levels.

You collected 288 gold pieces.
You spent 94 gold pieces at shops.

Inventory:

Hand Weapons
 a - a +2 dagger of venom (weapon)
 b - a +0 blowgun
 c - a +2 dagger of speed
 l - a +0 rapier
 q - a +2 dagger of protection
Missiles
 f - 32 poisoned needles
 g - 188 stones (quivered)
 t - 24 bolts
Armour
 m - a +0 cloak (worn)
 y - a +1 robe (worn)
Wands
 s - a wand of flame (35)
Scrolls
 h - 2 scrolls of enchant armour
 n - 4 scrolls of remove curse
 v - a scroll of fog
 x - a scroll of fear
 A - a scroll of amnesia {unknown}
Potions
 e - 2 potions of heal wounds
 i - 2 potions of flight
 j - 4 potions of curing
 k - a potion of lignification
 o - a potion of mutation
 p - a potion of invisibility
 r - a potion of haste {unknown}
 u - a potion of ambrosia {unknown}
 w - a potion of cancellation {unknown}
 z - a potion of brilliance {unknown}
Comestibles
 d - 11 rations


   Skills:
 * Level 5.0 Short Blades
 + Level 5.3 Dodging
 + Level 6.8 Stealth
 - Level 6.0 Spellcasting
 - Level 6.1 Hexes
 - Level 2.1 Ice Magic


You had 13 spell levels left.
You knew the following spells:

 Your Spells              Type           Power        Failure   Level  Hunger
a - Corona                Hex            ####...      1%          1    None
b - Ensorcelled Hibernat  Hex/Ice        ###...       3%          2    None
c - Confuse               Hex            ####....     3%          3    ##.....

Your spell library contained the following spells:

 Spells                   Type           Power        Failure   Level  Hunger
 Tukima's Dance           Hex            ####....     3%          3    ##.....
 Dazzling Spray           Conj/Hex       ###...       11%         3    ##.....


Dungeon Overview and Level Annotations

Branches:
Dungeon (6/15)
 Temple: D:4-7

Altars:
Vehumet
Yredelemnul

Shops:
D:4 [}(![   D:6 (

Annotations:
D:4 exclusion: downstairs


Innate Abilities, Weirdness & Mutations

You are very small and have problems with some larger weapons.
You are too small for most types of armour.
You have supernaturally acute eyesight. (SInv)
You are a herbivore.
You cover ground extremely quickly.
You need to consume almost no food.


Message History

Aim: an orc wizard, wielding a dagger and wearing a robe (fast, chance to The orc wizard resists with some effort.
The orc wizard hits you with a dagger.
You hit the orc wizard.
The orc wizard is poisoned.
The orc wizard is lightly wounded.
The orc wizard completely misses you.
You miss the orc wizard. The orc wizard closely misses you.
The orc wizard hits you but does no damage.
You are poisoned.
You feel sick.
The orc wizard gestures at you while chanting.
The puff of flame misses you.
You feel sick. The orc wizard casts a spell at you. The magic dart hits you!
* * * LOW HITPOINT WARNING * * *
You feel sick.
The orc wizard points at you and mumbles some strange words.
The magic dart hits you!
You die...

#.# #......#
###'###......#
......#......####
......#...†.....#
......#.........#####+###
......#####.............#
......#
#.............######
......#
##.###..............
......# #.#
#@.......#####. ....[.#
...##........# ###)###
.####...###...... #.# ##
#.###.∩..# #.##### #.# #.
. #......# #.# #.#
#.####o....####.# #.#
#.#.o...........# #)#
#)#.........##### #.#
#...........#


You could see an orc wizard.

Vanquished Creatures
  2 orc warriors (D:6)
  2 phantoms (D:4)
  2 howler monkeys (D:4)
  A crimson imp (D:6)
  A hound (D:5)
  A gnoll shaman (D:5)
  3 orc priests
  2 iguanas
  4 orc wizards
  3 worker ants (D:4)
  A hound skeleton (D:4)
  5 adders
  5 gnolls
  A shadow imp (D:5)
  2 oozes (D:3)
  3 worms
  3 leopard geckos
  10 orcs
  8 giant cockroaches
  7 hobgoblins
  4 jackals (D:6)
  6 kobolds
  4 quokkas
  2 ball pythons
  5 bats
  4 frilled lizards
  8 goblins
  5 rats
104 creatures vanquished.

Notes
Turn   | Place    | Note
-------+----------+-------------------------------------------
     0 | D:1      | Kohma the Spriggan Enchanter began the quest for the Orb.
     0 | D:1      | Reached XP level 1. HP: 9/9 MP: 5/5
   335 | D:1      | Reached XP level 2. HP: 13/13 MP: 7/7
   949 | D:1      | Learned a level 2 spell: Ensorcelled Hibernation
  1908 | D:2      | Reached XP level 3. HP: 15/16 MP: 5/8
  2755 | D:3      | Reached XP level 4. HP: 19/21 MP: 3/10
  2833 | D:3      | Learned a level 3 spell: Confuse
  3040 | D:3      | Reached skill level 1 in Ice Magic
  3147 | D:3      | Reached skill level 5 in Hexes
  3749 | D:3      | Found a basalt altar of Yredelemnul.
  3927 | D:4      | Reached XP level 5. HP: 24/24 MP: 8/12
  4164 | D:4      | Found Guanomah's Antique Armour Boutique.
  4174 | D:4      | Found a radiant altar of Vehumet.
  4176 | D:4      | Noticed a phantom
  4177 | D:4      | Found Leoti's Gadget Boutique.
  4478 | D:4      | Noticed a phantom
  4483 | D:4      | Found Roczoiso's Distillery.
  5023 | D:4      | Bought a cloak for 94 gold pieces
  5030 | D:4      | Reached XP level 6. HP: 28/28 MP: 10/14
  5058 | D:4      | Found Fobaruer's Antique Armour Shop.
  5242 | D:4      | Found Cyajaun's Weapon Shop.
  5256 | D:4      | Reached skill level 5 in Stealth
  5256 | D:4      | Reached skill level 5 in Spellcasting
  5631 | D:4      | Reached XP level 7. HP: 32/32 MP: 15/15
  6158 | D:5      | Entered Level 5 of the Dungeon
  7819 | D:6      | Reached skill level 5 in Dodging
  7937 | D:6      | Found Medumm's Weapon Emporium.
  7981 | D:6      | Reached skill level 5 in Short Blades
  7981 | D:6      | Reached XP level 8. HP: 15/36 MP: 6/18
  7993 | D:6      | Killed from afar by an orc wizard

Skill      XL: |  1  2  3  4  5  6  7 |
---------------+----------------------+-----
Spellcasting   | 3 4 5 6 |  6.0
Hexes          | 4 5 6 |  6.1
Ice Magic      | 1 2 |  2.1
Short Blades   | 3 5 |  5.0
Stealth        | 5 6 |  6.8
Dodging        | 5 |  5.3

Action                   |  1- 3 |  4- 6 |  7- 9 || total
-------------------------+-------+-------+-------++-------
Melee: Dagger            |   169 |   145 |    75 ||   389
 Fire: Blowgun           |       |       |    15 ||    15
Throw: Stone             |    31 |     3 |     4 ||    38
 Cast: Ensorcelled Hiber |    26 |    26 |    31 ||    83
       Confuse           |       |    11 |     3 ||    14
  Use: Scroll            |       |    13 |     2 ||    15
 Stab: Sleeping          |    18 |    21 |    20 ||    59
       Confused          |       |     7 |     1 ||     8
  Eat: Ration            |     1 |     2 |     1 ||     4
Armor: Robe              |    28 |    26 |     6 ||    60
Dodge: Dodged            |   159 |   106 |    64 ||   329
